 Dungeon Crawl Stone Soup version 0.16.1-51-g6203257 (webtiles) character file.

236 hannobal the Cudgeler (level 6, -3/44 HPs)
             Began as a Human Wanderer on July 30, 2015.
             Was an Initiate of the Shining One.
             Slain by an ogre
             ... wielding a +0 giant club
              (13 damage)
             ... on level 4 of the Dungeon.
             The game lasted 00:13:27 (4340 turns).

hannobal the Cudgeler (Human Wanderer)              Turns: 4340, Time: 00:13:27

Health: -3/44      AC:  5    Str: 12    XL:     6   Next: 27%
Magic:  6/6        EV: 10    Int: 14    God:    the Shining One [......]
Gold:   113        SH:  4    Dex: 13    Spells: 0 memorised, 5 levels left

rFire  . . .     SeeInvis .     j - +4 mace
rCold  . . .     Clarity  .     e - +0 leather armour
rNeg   . . .     SustAb   .     c - +0 buckler
rPois  .         Gourm    .     (no helmet)
rElec  .         Spirit   .     d - +1 cloak
rCorr  .         Warding  .     (no gloves)
rMut   .         Rnd*Tele +     (no boots)
MR     +....                    (no amulet)
Stlth  +.........               p - ring of teleportation
                                i - ring of protection from magic

@: somewhat resistant to hostile enchantments, very unstealthy
A: no striking features
a: Renounce Religion, Evoke Teleportation


You were on level 4 of the Dungeon.
You worshipped the Shining One.
The Shining One was noncommittal.
You were not hungry.

You visited 1 branch of the dungeon, and saw 4 of its levels.

You collected 113 gold pieces.

Inventory:

Hand weapons
 a - a +2 hand axe
 j - a +4 mace (weapon)
 u - a +0 flail
Missiles
 n - 9 sling bullets of flame
 q - 48 stones (quivered)
 r - 19 sling bullets
 x - 15 bolts
Armour
 c - a +0 buckler (worn)
 d - a +1 cloak (worn)
 e - a +0 leather armour (worn)
 k - a cursed +0 robe
 l - a +0 chain mail
 m - a +0 scale mail
 o - a +0 ring mail
Jewellery
 i - a ring of protection from magic (left hand)
 p - a ring of teleportation (right hand)
Magical devices
 s - a wand of fire (4)
Potions
 b - 3 potions of curing
Comestibles
 f - 4 bread rations
 h - a beef jerky
 t - a chunk of flesh
 v - a meat ration
 w - 6 fruits


   Skills:
 - Level 2.0 Fighting
 - Level 2.9(4.2) Axes
 + Level 4.6(5.1) Maces & Flails
 - Level 1.0 Throwing
 - Level 3.0 Armour
 - Level 1.0 Dodging
 - Level 1.0 Stealth
 - Level 1.0 Shields
 - Level 1.0 Unarmed Combat


You had 5 spell levels left.
You didn't know any spells.

Dungeon Overview and Level Annotations

Branches:
Dungeon (4/15)
 Temple: D:4-7

Altars:
Fedhas
Makhleb
The Shining One

Annotations:
D:4 Robin


Message History

You hit the ogre.
The ogre is heavily wounded.
The ogre barely misses you.
You barely miss the ogre.
The ogre is heavily wounded.
The ogre hits you with a giant club!
You hit the ogre but do no damage.
The ogre is heavily wounded.
You block the ogre's attack.
You barely miss the ogre.
The ogre is heavily wounded.
The ogre barely misses you.
You sock the ogre!
The ogre is almost dead.
The ogre hits you with a giant club.
* * * LOW HITPOINT WARNING * * *
You hit the ogre.
The ogre is almost dead.
The ogre hits you with a giant club!
You die...

#### ## #..##.# ###
#.....## #.##
#......#
###.######...##....
#.....#....### O
##@O.((.(###
###...### ##..#
#..# #.## #.# #..
.#. # #


You could see an ogre.

Vanquished Creatures
  A scorpion (D:3)
  A worker ant (D:4)
  3 adders (D:2)
  A gnoll (D:1)
  4 worms
  4 giant geckos
  10 orcs (D:3)
  2 ball pythons (D:2)
  11 bats
  A giant cockroach (D:2)
  10 goblins
  7 hobgoblins
  3 jackals (D:3)
  2 quokkas (D:3)
  3 giant newts
  8 kobolds
  13 rats
84 creatures vanquished.

Notes
Turn   | Place    | Note
--------------------------------------------------------------
     0 | D:1      | hannobal, the Human Wanderer, began the quest for the Orb.
     0 | D:1      | hannobal set off with: a +2 hand axe, a potion of curing, a +0 buckler, a +0 robe, a bread ration
     0 | D:1      | Reached XP level 1. HP: 16/16 MP: 1/1
   290 | D:1      | Found a glowing golden altar of the Shining One.
   306 | D:1      | Became a worshipper of the Shining One
   325 | D:1      | Reached XP level 2. HP: 20/22 MP: 2/2
   772 | D:1      | Reached XP level 3. HP: 13/27 MP: 3/3
  1486 | D:2      | Reached skill level 1 in Maces & Flails
  1953 | D:2      | Reached XP level 4. HP: 22/33 MP: 4/4
  2567 | D:2      | Reached XP level 5. HP: 35/38 MP: 5/5
  3011 | D:3      | Found a burning altar of Makhleb.
  3011 | D:3      | Noticed a balrug
  3408 | D:3      | Reached skill level 1 in Dodging
  3508 | D:3      | Found a blossoming altar of Fedhas.
  3862 | D:4      | Noticed an ogre
  3914 | D:4      | Noticed Robin
  3936 | D:3      | Reached skill level 4 in Maces & Flails
  3936 | D:3      | Reached XP level 6. HP: 16/44 MP: 6/6
  4340 | D:4      | Slain by an ogre

Action                   |  1- 3 |  4- 6 || total
-------------------------+-------+-------++-------
Melee: Hand axe          |    45 |       ||    45
       Mace              |    38 |   175 ||   213
Throw: Stone             |     1 |     1 ||     2
       Javelin           |       |     6 ||     6
  Use: Scroll            |     3 |     3 ||     6
       Potion            |     3 |       ||     3
  Eat: Chunk             |     3 |     8 ||    11
